 Dungeon Crawl Stone Soup version 0.30-a0-591-g3c58d2bc28 (webtiles) character file.

Game seed: 14412080034685698258

17 tilp the Shield-Bearer (level 3, -16/31 HPs)
             Began as a Meteoran Fighter on Jan 4, 2023.
             Demolished by an ogre
             ... wielding a +0 giant club
              (27 damage)
             ... on level 4 of the Dungeon.
             The game lasted 00:01:47 (348 turns).

tilp the Shield-Bearer (Meteoran Fighter)            Turns: 348, Time: 00:01:48

Health: -16/31     AC:  7    Str: 18    XL:     3   Next: 2%
Magic:  4/4        EV:  9    Int:  9    God:
Gold:   28         SH:  5    Dex: 15    Spells: 2/2 levels left

rFire   . . .      SeeInvis .    a - +0 long sword
rCold   . . .      Faith    .    c - +0 buckler
rNeg    . . .      Spirit   .    b - +0 scale mail
rPois   .          Reflect  .    (no helmet)
rElec   .          Harm     .    (no cloak)
rCorr   .          Rampage  .    (no gloves)
Will    .....                    (no boots) Stlth
                                 j - amulet of the acrobat
HPRegen 0.25/turn                (no ring)
MPRegen 0.09/turn                (no ring)

@: mighty, attractive, glowing
A: sense surroundings 1, otherworldly, glowing, explore regen
a: no special abilities


You were on level 4 of the Dungeon.
You visited 1 branch of the dungeon, and saw 4 of its levels.

You collected 28 gold pieces.

Inventory:

Hand Weapons
 a - a +0 long sword (weapon)
Armour
 b - a +0 scale mail (worn)
 c - a +0 buckler (worn)
Jewellery
 e - an amulet of magic regeneration
 j - an amulet of the acrobat (around neck)
Scrolls
 g - a scroll of torment {unknown}
 h - 2 scrolls of teleportation {unknown}
Potions
 f - 2 potions of attraction
 i - a potion of curing {unknown}


   Skills:
 + Level 3.3 Fighting
 + Level 2.6 Long Blades
 + Level 3.7 Armour
 * Level 1.2 Dodging
 + Level 0.4 Stealth
 + Level 3.8 Shields


You had 2 spell levels left.
You didn't know any spells.
Your spell library was empty.

Dungeon Overview and Level Annotations

Branches:
Dungeon (4/15) Zot: 2029
 Temple: D:4-7

Altars:


Innate Abilities, Weirdness & Mutations

You passively map a small area around you.
You are easily found by Zot.
You glow in the dark.
You regain HP and MP as you explore.


Message History

The bat barely misses you.
You slash the bat!
You kill the bat!
You have reached level 3!
Your experience leads to an increase in your attributes!
Increase (S)trength, (I)ntelligence, or (D)exterity?
You feel agile. x2; You feel stronger.
There is a stone staircase leading down here.
You climb downwards.
Found a club.
Found a stone staircase leading down.
There is a stone staircase leading up here.
Unknown command.
You block the rat's attack.
You slash the rat!
You kill the rat!
No target in view!
No target in view!
There is a stone staircase leading down here.
You climb downwards.
The ogre shouts!
Found 9 gold pieces, 4 stones, a buckler and a scroll labelled PAXOMINERE.
Found a stone staircase leading down.
There is a stone staircase leading up here.
Unknown command.
Unknown command.
Unknown command.
It was a potion of attraction.
You feel attractive to monsters. The ogre is attracted toward you.
You feel very mighty all of a sudden. The ogre hits you with a +0 giant club!
You barely miss the ogre. You barely miss the ogre.
You block the ogre's attack.
You barely miss the ogre. The ogre hits you with a +0 giant club.
* * * LOW HITPOINT WARNING * * *
You slash the ogre!
The ogre is heavily wounded.
The ogre hits you with a +0 giant club!!
Ouch! That really hurt!
You die...

, , , * .# . *
* .# , ..### .#
, ... **.# * *
, *##...* .#
##..#.#*.# , ,
.......#O#####(
*
≈≈≈≈≈≈.@>....$.
.....≈.#.#####.
##.#.≈.*.# ,
,#..[ .# *
,#.≈. .# * , ,
#.≈. .# , *#.≈.
.# ,?.≈.,.# * ~


You could see an ogre.

Vanquished Creatures
  3 giant cockroaches
  A goblin (D:2)
  A hobgoblin (D:2)
  2 quokkas (D:2)
  A ball python (D:2)
  4 bats
  2 frilled lizards
  3 rats
17 creatures vanquished.

Notes
Turn   | Place    | Note
-------+----------+-------------------------------------------
     0 | D:1      | tilp the Meteoran Fighter began the quest for the Orb.
     0 | D:1      | Reached XP level 1. HP: 19/19 MP: 2/2
   129 | D:2      | Found a faded altar of an unknown god.
   169 | D:1      | Reached XP level 2. HP: 26/26 MP: 3/3
   240 | D:2      | Reached skill level 1 in Dodging
   327 | D:2      | Reached XP level 3. HP: 31/31 MP: 4/4
   342 | D:4      | Noticed an ogre
   348 | D:4      | Demolished by an ogre

Illustrated notes

Levels and vault maps discovered:
D:1:      eino_arrival_druids_welcome, layout_basic
D:2:      layout_loops_ring, shapermc_ecumenical_altar_notcrosses, basic_altar,
          uniq_terence
D:3:      layout_loops_cross, mainiacjoe_overflow_boulevard,
          minmay_strange_pillars, minivault_14
D:4:      layout_loops_ring, mainiacjoe_overflow_alcove_1,
          lemuel_zombie_altar_yredelemnul, mainiacjoe_overflow_brackets

Skill      XL: |  1  2 |
---------------+-------+-----
Dodging        | 1 |  1.2
Fighting       | |  3.3
Long Blades    | |  2.6
Armour         | |  3.7
Stealth        | |  0.4
Shields        | |  3.8

Action                   || total
-------------------------++-------
Melee: Long sword        ||    70
  Use: Potion            ||     2
Armor: Scale mail        ||    46
Dodge: Dodged            ||    27
Block: Buckler           ||    14

Table legend: (Time is in decaauts)
 A = Elapsed time spent in this place.
 B = Non-inter-level travel time spent in this place.
 C = Inter-level travel time spent in this place.
 D = Time resting spent in this place.
 E = Time spent auto-exploring this place.
 F = Levels seen in this place.
 G = Mean time per level.
                   A        B        C        D        E       F      G
               +--------+--------+--------+--------+--------+-----+--------+
         Total |    368 |    338 |     30 |      0 |      0 |   4 |   92.0 |
       Dungeon |    368 |    338 |     30 |      0 |      0 |   4 |   92.0 |
               +--------+--------+--------+--------+--------+-----+--------+

Top non-repeatable levels by time:
     D:2: 226 daAuts
     D:1: 127 daAuts
     D:3: 8 daAuts
     D:4: 6 daAuts
